WCHLSIM.com - West Coast Hockey League
html PUBLIC "-//W3C//DTD XHTML 1.0 Transitional//EN" "http://www.w3.org/TR/xhtml1/DTD/xhtml1-transitional.dtd"> WCHL - Game 281 - NORTH DAKOTA HAWKS vs SEATTLE GRUNGE

NORTH DAKOTA HAWKS vs SEATTLE GRUNGE

Created - 15 novembre 2019 at 17:22

Goals
1 2 3 T
NORTH DAKOTA HAWKS 1 0 1 2
SEATTLE GRUNGE 2 2 0 4
Shots
1 2 3 T
NORTH DAKOTA HAWKS 8 6 7 21
SEATTLE GRUNGE 9 15 17 41

1st period

1. SEATTLE GRUNGE , Chris Tierney 5 (Michael Frolik 8, Seth Jones 6) at 11:43
2. NORTH DAKOTA HAWKS , Brendan Gallagher 6 (Matthew Nieto 6) at 12:45
3. SEATTLE GRUNGE , Jeff Skinner 9 (Tyler Seguin 12, Roman Josi 9) at 14:03

Penalties :
Tyler Seguin (SEA) for Roughing (Minor) at 18:27

2nd period

4. SEATTLE GRUNGE , Tyler Seguin 10 (Rasmus Dahlin 5, Josh Bailey 5) at 3:56 (PP)
5. SEATTLE GRUNGE , Vladimir Sobotka 1 (Michael Frolik 9, Damon Severson 2) at 19:38

Penalties :
Tyler Seguin (SEA) for Tripping (Minor) at 1:10, Brenden Dillon (NDH) for High sticking (Minor) at 3:46, J.T. Brown (SEA) for Tripping (Minor) at 6:55, Josh Brown (NDH) for Hooking (Minor) at 6:55

3rd period

6. NORTH DAKOTA HAWKS , Zack Kassian 3 (Dougie Hamilton 3) at 12:15 (PP)

Penalties :
Roman Josi (SEA) for Boarding (Minor) at 11:55, Tyler Seguin (SEA) for Hooking (Minor) at 13:49, Zemgus Girgensons (SEA) for Hooking (Minor) at 16:50, Brenden Dillon (NDH) for High sticking (Minor) at 16:50

Goalie Stats

Eric Comrie (NDH), 37 saves from 41 shots - (0,902), L, 1-7-1, 60:00 minutes
Semyon Varlamov (SEA), 19 saves from 21 shots - (0,905), W, 8-3-0, 60:00 minutes

Players Stats for NORTH DAKOTA HAWKS

Player Name              G  A  P  +/- PIM S  H  SB GA TA FO     MP     PP MP  PK MP  
------------------------------------------------------------------------------------
Alexandre Fortin         0  0  0  -1  0   0  0  0  0  0  0/0    12:58   0:00   0:00 
Brandon Sutter           0  0  0  -1  0   0  0  0  0  0  3/9    13:08   0:00   0:10 
Brendan Gallagher        1  0  1   0  0   3  0  1  0  0  0/2    19:44   4:12   0:00 
Brenden Dillon           0  0  0  -1  4   1  6  1  0  0  0/0    20:42   2:34   0:00 
Corey Perry              0  0  0  -1  0   1  0  0  0  0  0/0    16:15   2:05   0:00 
Derek Grant              0  0  0   0  0   0  1  0  0  0  4/12   10:53   0:00   0:00 
Dougie Hamilton          0  1  1   0  0   2  4  2  0  0  0/0    23:40   3:43   0:10 
Johnny Boychuk           0  0  0  -1  0   1  2  0  0  0  0/0    18:55   0:00   0:00 
Josh Brown               0  0  0  -1  2   1  5  0  0  0  0/0    15:35   0:00   0:00 
Kenny Agostino           0  0  0  -1  0   0  2  0  0  0  0/0    14:34   2:05   0:00 
Logan Brown              0  0  0  -1  0   0  3  0  0  0  9/22   16:15   2:05   0:00 
Lukas Radil              0  0  0  -1  0   5  0  0  0  0  0/0    12:58   0:00   0:00 
Marc Staal               0  0  0   0  0   1  1  2  0  0  0/0    19:57   0:00   0:10 
Matthew Nieto            0  1  1   0  0   2  0  0  0  0  0/1    17:27   4:12   0:00 
Michael Raffl            0  0  0   0  0   1  0  0  0  0  0/0    11:18   0:00   0:10 
Nic Dowd                 0  0  0   0  0   0  1  0  0  0  4/24   19:29   4:12   0:00 
Quinton Hughes           0  0  0  -1  0   0  0  1  0  0  0/0    17:25   2:34   0:00 
Zack Kassian             1  0  1   0  0   3  0  0  0  0  0/0    14:36   3:43   0:00 

Players Stats for SEATTLE GRUNGE

Player Name              G  A  P  +/- PIM S  H  SB GA TA FO     MP     PP MP  PK MP  
------------------------------------------------------------------------------------
Chris Tierney            1  0  1   2  0   7  0  0  0  0  11/17  19:03   0:00   4:09 
Damon Severson           0  1  1   0  0   1  1  1  0  0  0/0    21:24   0:10   2:50 
J.T. Brown               0  0  0  -1  2   1  1  0  0  0  0/1    11:25   0:00   0:00 
Jeff Skinner             1  0  1   1  0   8  2  0  0  0  2/3    20:08   0:10   0:00 
Josh Bailey              0  1  1   1  0   3  1  0  0  0  3/3    20:38   0:10   2:08 
Matthew Grzelcyk         0  0  0   1  0   0  0  0  0  0  0/0    13:21   0:00   0:00 
Michael Frolik           0  2  2   2  0   5  1  0  0  0  10/15  20:41   0:00   4:09 
Mike Sgarbossa           0  0  0   0  0   0  0  0  0  0  1/1     7:15   0:00   0:00 
Oskar Sundqvist          0  0  0  -1  0   4  0  1  0  0  10/14  13:34   0:00   2:08 
Rasmus Dahlin            0  1  1   0  0   0  0  0  0  0  0/0    21:14   0:10   2:40 
Roman Josi               0  1  1   1  2   1  2  3  0  0  0/0    25:14   0:00   3:27 
Seth Jones               0  1  1   1  0   1  1  1  0  0  0/0    14:33   0:00   0:00 
Sonny Milano             0  0  0   0  0   0  0  0  0  0  0/0     7:15   0:00   0:00 
Travis Sanheim           0  0  0   1  0   1  2  0  0  0  0/0    24:13   0:00   3:37 
Tyler Seguin             1  1  2   1  6   5  0  0  0  0  8/10   17:17   0:10   0:00 
Victor Rask              0  0  0   0  0   1  0  0  0  0  5/6     7:15   0:00   0:00 
Vladimir Sobotka         1  0  1   2  0   1  0  0  0  0  0/0    13:44   0:00   0:00 
Zemgus Girgensons        0  0  0  -1  2   2  0  0  0  0  0/0    11:25   0:00   0:00 

3 Stars

1 - Michael Frolik (SEA)
2 - Vladimir Sobotka (SEA)
3 - Jeff Skinner (SEA)

Power Play

NORTH DAKOTA HAWKS - 1 on 4 Attempt(s) - 25,00%
SEATTLE GRUNGE - 1 on 1 Attempt(s) - 100,00%

Penalty Kill

NORTH DAKOTA HAWKS - 0 on 1 Attempt(s) - 0,00% - Score 0 goal in Penalty Kill
SEATTLE GRUNGE - 3 on 4 Attempt(s) - 75,00% - Score 0 goal in Penalty Kill

Team Stat

NORTH DAKOTA HAWKS - Hits : 25 - Faceoff Wins : 20 - Blocked Shots : 7 - Penalty Minutes : 6
SEATTLE GRUNGE - Hits : 11 - Faceoff Wins : 50 - Blocked Shots : 6 - Penalty Minutes : 12

Official

Referees : Dean Morton and Brian Pochmara
Linesman : Bryan Pancich and Peter Feola

Game Notes

No Game Note

Finance

Level 1 -- Attendance: 6000 (100,00%) -- Ticket Income 630 000 $
Level 2 -- Attendance: 5000 (100,00%) -- Ticket Income 325 000 $
Level 3 -- Attendance: 2700 (90,00%) -- Ticket Income 97 200 $
Level 4 -- Attendance: 4971 (99,42%) -- Ticket Income 124 275 $
Luxury Box -- Attendance: 1000 (100,00%) -- Ticket Income 202 000 $
Total Attendance: 19671 (98,36%)
Total Ticket Income: 1 378 475 $
Other Income: 413 542 $
Total Income: 1 792 017 $

NORTH DAKOTA HAWKS

5 vs 5 Forward 
   Center                   Left Wing                Right Wing               Time % Phy DF OF 
 1 Nic Dowd                 Matthew Nieto            Brendan Gallagher        30     1   2  2  
 2 Logan Brown              Kenny Agostino           Corey Perry              27     1   2  2  
 3 Derek Grant              Michael Raffl            Zack Kassian             22     1   2  2  
 4 Brandon Sutter           Alexandre Fortin         Lukas Radil              21     0   4  1  

5 vs 5 Defense 
   Defense                  Defense                                           Time % Phy DF OF 
 1 Marc Staal               Dougie Hamilton                                   36     1   2  2  
 2 Brenden Dillon           Johnny Boychuk                                    33     1   2  2  
 3 Quinton Hughes           Josh Brown                                        20     1   2  2  
 4 Quinton Hughes           Josh Brown                                        11     1   2  2  

PowerPlay Forward 
   Center                   Left Wing                Right Wing               Time % Phy DF OF 
 1 Nic Dowd                 Matthew Nieto            Brendan Gallagher        65     1   2  2  
 2 Logan Brown              Kenny Agostino           Corey Perry              35     1   2  2  

PowerPlay Defense
   Defense                  Defense                                           Time % Phy DF OF 
 1 Dougie Hamilton          Zack Kassian                                      65     1   2  2  
 2 Brenden Dillon           Quinton Hughes                                    35     1   2  2  

Penalty Kill 4 Players Forward 
   Center                   Wing                     Time % Phy DF OF 
 1 Brandon Sutter           Michael Raffl            55     1   2  2  
 2 Derek Grant              Lukas Radil              45     1   2  2  

Penalty Kill 4 Players Defense
   Defense                  Defense                  Time % Phy DF OF 
 1 Marc Staal               Dougie Hamilton          55     1   2  2  
 2 Brenden Dillon           Johnny Boychuk           45     1   2  2  

Penalty Kill - 3 Players Forward 
   Forward                                           Time % Phy DF OF 
 1 Brandon Sutter                                    55     1   2  2  
 2 Derek Grant                                       45     1   2  2  

Penalty Kill - 3 Players Defense
   Defense                  Defense                  Time % Phy DF OF 
 1 Marc Staal               Dougie Hamilton          55     1   2  2  
 2 Brenden Dillon           Johnny Boychuk           45     1   2  2  

4 vs 4 Forward 
   Center                   Wing                     Time % Phy DF OF 
 1 Nic Dowd                 Brendan Gallagher        55     1   2  2  
 2 Logan Brown              Corey Perry              45     1   2  2  

4 vs 4 Defense
   Defense                  Defense                  Time % Phy DF OF 
 1 Marc Staal               Dougie Hamilton          55     1   2  2  
 2 Brenden Dillon           Johnny Boychuk           45     1   2  2  

Last Minutes Offensive
   Center                   Left Wing                Right Wing               Defense                  Defense                  
   Nic Dowd                 Kenny Agostino           Brendan Gallagher        Quinton Hughes           Dougie Hamilton          

Last Minutes Defensive
   Center                   Left Wing                Right Wing               Defense                  Defense                  
   Brandon Sutter           Matthew Nieto            Brendan Gallagher        Marc Staal               Dougie Hamilton          

Goaltenders
Starting : Eric Comrie              
Backup : Michael Dipietro         

Extra Forwards
Normal : Michael Raffl, Matthew Nieto, Lukas Radil - PP : Michael Raffl, Lukas Radil - PK : Nic Dowd
Extra Defensemen
Normal : Johnny Boychuk, Josh Brown, Quinton Hughes - PP : Johnny Boychuk - PK : Josh Brown, Quinton Hughes
Penalty Shots
Brendan Gallagher, Matthew Nieto, Corey Perry, Michael Raffl, Nic Dowd
Custom OT Lines Forwards
Brendan Gallagher, Matthew Nieto, Nic Dowd, Michael Raffl, Derek Grant, Zack Kassian, Corey Perry, Kenny Agostino, Logan Brown, Brandon Sutter
Custom OT Lines Defensemen
Dougie Hamilton, Quinton Hughes, Brenden Dillon, Johnny Boychuk, Marc Staal

Scratches
Dominik Masin (Healthy), Jack Dougherty (Healthy), Brendan Leipsic (Sore Right Knee Injury), Marc Methot (Healthy), Jalen Smereck (Healthy)
Jordan Murray (Healthy), Martin Marincin (Healthy), Phillip DiGiuseppe (Healthy), Phil Varone (Healthy), Tim Clifton (Healthy)
Ryan Carpenter (Healthy), Scott Darling (Right Knee Injury), Scott Wedgewood (Healthy)

SEATTLE GRUNGE

5 vs 5 Forward 
   Center                   Left Wing                Right Wing               Time % Phy DF OF 
 1 Tyler Seguin             Jeff Skinner             Josh Bailey              38     1   1  3  
 2 Chris Tierney            Vladimir Sobotka         Michael Frolik           34     1   3  1  
 3 Oskar Sundqvist          Zemgus Girgensons        J.T. Brown               20     1   2  2  
 4 Victor Rask              Sonny Milano             Mike Sgarbossa           8      1   2  2  

5 vs 5 Defense 
   Defense                  Defense                                           Time % Phy DF OF 
 1 Roman Josi               Travis Sanheim                                    40     1   2  2  
 2 Damon Severson           Rasmus Dahlin                                     34     1   2  2  
 3 Seth Jones               Matthew Grzelcyk                                  26     1   2  2  
 4 Roman Josi               Seth Jones                                        0      1   2  2  

PowerPlay Forward 
   Center                   Left Wing                Right Wing               Time % Phy DF OF 
 1 Tyler Seguin             Jeff Skinner             Josh Bailey              60     0   1  4  
 2 Chris Tierney            Vladimir Sobotka         Michael Frolik           40     0   1  4  

PowerPlay Defense
   Defense                  Defense                                           Time % Phy DF OF 
 1 Roman Josi               Seth Jones                                        60     1   1  3  
 2 Damon Severson           Rasmus Dahlin                                     40     1   1  3  

Penalty Kill 4 Players Forward 
   Center                   Wing                     Time % Phy DF OF 
 1 Michael Frolik           Chris Tierney            55     1   2  2  
 2 Oskar Sundqvist          Josh Bailey              45     1   2  2  

Penalty Kill 4 Players Defense
   Defense                  Defense                  Time % Phy DF OF 
 1 Roman Josi               Travis Sanheim           55     1   2  2  
 2 Damon Severson           Rasmus Dahlin            45     1   2  2  

Penalty Kill - 3 Players Forward 
   Forward                                           Time % Phy DF OF 
 1 Tyler Seguin                                      55     1   2  2  
 2 Jeff Skinner                                      45     1   2  2  

Penalty Kill - 3 Players Defense
   Defense                  Defense                  Time % Phy DF OF 
 1 Roman Josi               Seth Jones               55     1   2  2  
 2 Damon Severson           Rasmus Dahlin            45     1   2  2  

4 vs 4 Forward 
   Center                   Wing                     Time % Phy DF OF 
 1 Michael Frolik           Jeff Skinner             55     1   2  2  
 2 Chris Tierney            Josh Bailey              45     1   2  2  

4 vs 4 Defense
   Defense                  Defense                  Time % Phy DF OF 
 1 Roman Josi               Travis Sanheim           55     1   2  2  
 2 Damon Severson           Rasmus Dahlin            45     1   2  2  

Last Minutes Offensive
   Center                   Left Wing                Right Wing               Defense                  Defense                  
   Tyler Seguin             Jeff Skinner             Josh Bailey              Roman Josi               Seth Jones               

Last Minutes Defensive
   Center                   Left Wing                Right Wing               Defense                  Defense                  
   Tyler Seguin             Jeff Skinner             Josh Bailey              Roman Josi               Seth Jones               

Goaltenders
Starting : Semyon Varlamov          
Backup : Carter Hutton            

Extra Forwards
Normal : Mike Sgarbossa, Oskar Sundqvist, Zemgus Girgensons - PP : Mike Sgarbossa, Oskar Sundqvist - PK : Zemgus Girgensons
Extra Defensemen
Normal : Travis Sanheim, Matthew Grzelcyk, Damon Severson - PP : Travis Sanheim - PK : Matthew Grzelcyk, Damon Severson
Penalty Shots
Tyler Seguin, Jeff Skinner, Chris Tierney, Josh Bailey, Michael Frolik
Custom OT Lines Forwards
Tyler Seguin, Jeff Skinner, Chris Tierney, Josh Bailey, Michael Frolik, Oskar Sundqvist, Vladimir Sobotka, Zemgus Girgensons, Victor Rask, Mike Sgarbossa
Custom OT Lines Defensemen
Roman Josi, Seth Jones, Damon Severson, Rasmus Dahlin, Travis Sanheim

Scratches
Jason Zucker (Healthy), Chad Johnson (Healthy)

% Time on Ice - NORTH DAKOTA HAWKS

Lines # - Real PCT - Wanted PCT - Time Play
Normal Forward
1 - 27% - 30% - 13:15
2 - 25% - 27% - 12:29
3 - 22% - 22% - 10:53
4 - 26% - 21% - 12:58
Normal Defense
1 - 34% - 36% - 16:59
2 - 35% - 33% - 17:12
3 - 21% - 20% - 10:29
4 - 10% - 11% - 4:55
PP Forward
1 - 67% - 65% - 4:12
2 - 33% - 35% - 2:05
PP Defense
1 - 59% - 65% - 3:43
2 - 41% - 35% - 2:34
PK Forward
1 - 100% - 55% - 0:10
2 - 0% - 45% - 0:00
PK Defense
1 - 100% - 55% - 0:10
2 - 0% - 45% - 0:00
PK3 Forward
1 - 0% - 55%
2 - 0% - 45%
PK3 Defense
1 - 0% - 55%
2 - 0% - 45%
44 Forward
1 - 58% - 55% - 2:17
2 - 42% - 45% - 1:41
44 Defense
1 - 57% - 55% - 2:15
2 - 43% - 45% - 1:43
Last Minute Offensive  - 0:00
Last Minute Defensive  - 0:00
Total
Forward - 60:00
Defense - 60:00

% Time on Ice - SEATTLE GRUNGE

Lines # - Real PCT - Wanted PCT - Time Play
Normal Forward
1 - 35% - 38% - 17:10
2 - 28% - 34% - 13:44
3 - 23% - 20% - 11:26
4 - 15% - 8% - 7:15
Normal Defense
1 - 36% - 40% - 17:52
2 - 35% - 34% - 17:10
3 - 27% - 26% - 13:21
4 - 2% - 0% - 1:12
PP Forward
1 - 100% - 60% - 0:10
2 - 0% - 40% - 0:00
PP Defense
1 - 0% - 60% - 0:00
2 - 100% - 40% - 0:10
PK Forward
1 - 66% - 55% - 4:09
2 - 34% - 45% - 2:08
PK Defense
1 - 58% - 55% - 3:37
2 - 42% - 45% - 2:40
PK3 Forward
1 - 0% - 55%
2 - 0% - 45%
PK3 Defense
1 - 0% - 55%
2 - 0% - 45%
44 Forward
1 - 71% - 55% - 2:48
2 - 29% - 45% - 1:10
44 Defense
1 - 69% - 55% - 2:44
2 - 31% - 45% - 1:14
Last Minute Offensive  - 0:00
Last Minute Defensive  - 0:00
Total
Forward - 60:00
Defense - 60:00

Play-by-Play

1st period


0:01 of 1st period - Tyler Seguin wins face-off versus Nic Dowd in neutral zone.
0:39 of 1st period - Brendan Gallagher is hit by Jeff Skinner and loses puck.
2:27 of 1st period - Shot by Zemgus Girgensons.
2:27 of 1st period - Shot Misses the Net.
2:52 of 1st period - Icing by Quinton Hughes.
2:53 of 1st period - Victor Rask wins face-off versus Derek Grant in NORTH DAKOTA HAWKS zone.
3:01 of 1st period - Mike Sgarbossa is hit by Josh Brown and loses puck.
3:07 of 1st period - Icing by Quinton Hughes.
3:08 of 1st period - Tyler Seguin wins face-off versus Derek Grant in NORTH DAKOTA HAWKS zone.
3:08 of 1st period - Tyler Seguin is hit by Josh Brown.
3:36 of 1st period - Shot by Tyler Seguin.
3:36 of 1st period - Stopped by Eric Comrie with a rebound.
4:08 of 1st period - Shot by Lukas Radil.
4:08 of 1st period - Stopped by Semyon Varlamov with a rebound.
4:11 of 1st period - Brandon Sutter is hit by Seth Jones and loses puck.
4:20 of 1st period - Shot by Lukas Radil.
4:20 of 1st period - Stopped by Semyon Varlamov without a rebound.
4:21 of 1st period - Chris Tierney wins face-off versus Logan Brown in SEATTLE GRUNGE zone.
5:47 of 1st period - Shot by Oskar Sundqvist.
5:47 of 1st period - Stopped by Eric Comrie without a rebound.
5:48 of 1st period - Tyler Seguin wins face-off versus Brandon Sutter in NORTH DAKOTA HAWKS zone.
6:41 of 1st period - Shot by Corey Perry.
6:41 of 1st period - Shot Misses the Net.
6:57 of 1st period - Sonny Milano is hit by Kenny Agostino and loses puck.
7:47 of 1st period - Icing by Quinton Hughes.
7:48 of 1st period - Oskar Sundqvist wins face-off versus Logan Brown in NORTH DAKOTA HAWKS zone.
8:03 of 1st period - Shot by Oskar Sundqvist.
8:03 of 1st period - Stopped by Eric Comrie without a rebound.
8:04 of 1st period - Chris Tierney wins face-off versus Nic Dowd in NORTH DAKOTA HAWKS zone.
9:16 of 1st period - Shot by Josh Bailey.
9:16 of 1st period - Stopped by Eric Comrie with a rebound.
9:28 of 1st period - Shot by Josh Bailey.
9:28 of 1st period - Stopped by Eric Comrie without a rebound.
9:29 of 1st period - Oskar Sundqvist wins face-off versus Derek Grant in NORTH DAKOTA HAWKS zone.
9:47 of 1st period - Icing by Dougie Hamilton.
9:48 of 1st period - Derek Grant wins face-off versus Tyler Seguin in NORTH DAKOTA HAWKS zone.
11:14 of 1st period - Matthew Nieto is hit by Travis Sanheim and loses puck.
11:19 of 1st period - Shot by Matthew Nieto.
11:19 of 1st period - Shot Misses the Net.
11:27 of 1st period - Shot by Matthew Nieto.
11:27 of 1st period - Stopped by Semyon Varlamov with a rebound.
11:29 of 1st period - Shot by Josh Brown.
11:29 of 1st period - Stopped by Semyon Varlamov without a rebound.
11:30 of 1st period - Chris Tierney wins face-off versus Logan Brown in SEATTLE GRUNGE zone.
11:32 of 1st period - Michael Frolik is hit by Logan Brown and loses puck.
11:43 of 1st period - Shot by Chris Tierney.
11:43 of 1st period - Goal by Chris Tierney - NORTH DAKOTA HAWKS : 0 - SEATTLE GRUNGE : 1.
11:44 of 1st period - Derek Grant wins face-off versus Oskar Sundqvist in neutral zone.
12:29 of 1st period - Icing by Damon Severson.
12:30 of 1st period - Oskar Sundqvist wins face-off versus Nic Dowd in SEATTLE GRUNGE zone.
12:41 of 1st period - Shot by Brendan Gallagher.
12:41 of 1st period - Shot Blocked by Damon Severson.
12:45 of 1st period - Shot by Brendan Gallagher.
12:45 of 1st period - Goal by Brendan Gallagher - NORTH DAKOTA HAWKS : 1 - SEATTLE GRUNGE : 1.
12:46 of 1st period - Chris Tierney wins face-off versus Brandon Sutter in neutral zone.
13:44 of 1st period - Jeff Skinner is hit by Josh Brown and loses puck.
13:59 of 1st period - Shot by Tyler Seguin.
13:59 of 1st period - Shot Misses the Net.
14:01 of 1st period - Shot by Tyler Seguin.
14:01 of 1st period - Shot Misses the Net.
14:03 of 1st period - Shot by Jeff Skinner.
14:03 of 1st period - Goal by Jeff Skinner - NORTH DAKOTA HAWKS : 1 - SEATTLE GRUNGE : 2.
14:04 of 1st period - Mike Sgarbossa wins face-off versus Nic Dowd in neutral zone.
15:24 of 1st period - Icing by Johnny Boychuk.
15:25 of 1st period - Chris Tierney wins face-off versus Logan Brown in NORTH DAKOTA HAWKS zone.
16:04 of 1st period - Michael Frolik is hit by Derek Grant and loses puck.
16:22 of 1st period - Shot by Zack Kassian.
16:22 of 1st period - Shot Misses the Net.
16:26 of 1st period - Shot by Michael Raffl.
16:26 of 1st period - Shot Misses the Net.
16:28 of 1st period - Shot by Dougie Hamilton.
16:28 of 1st period - Stopped by Semyon Varlamov without a rebound.
16:29 of 1st period - Tyler Seguin wins face-off versus Nic Dowd in SEATTLE GRUNGE zone.
16:53 of 1st period - Shot by Nic Dowd.
16:53 of 1st period - Shot Misses the Net.
17:09 of 1st period - Shot by Jeff Skinner.
17:09 of 1st period - Stopped by Eric Comrie without a rebound.
17:10 of 1st period - Oskar Sundqvist wins face-off versus Brandon Sutter in NORTH DAKOTA HAWKS zone.
17:32 of 1st period - Johnny Boychuk is hit by J.T. Brown and loses puck.
17:47 of 1st period - Shot by Oskar Sundqvist.
17:47 of 1st period - Stopped by Eric Comrie with a rebound.
17:49 of 1st period - Shot by Oskar Sundqvist.
17:49 of 1st period - Shot Blocked by Brenden Dillon.
18:26 of 1st period - Marc Staal is hit by Jeff Skinner and loses puck.
18:27 of 1st period - Minor Penalty to Tyler Seguin for Roughing.
18:28 of 1st period - Nic Dowd wins face-off versus Michael Frolik in SEATTLE GRUNGE zone.
18:44 of 1st period - Icing by Dougie Hamilton.
18:45 of 1st period - Nic Dowd wins face-off versus Michael Frolik in NORTH DAKOTA HAWKS zone.
18:45 of 1st period - Nic Dowd is hit by Michael Frolik.
18:55 of 1st period - Shot by Brendan Gallagher.
18:55 of 1st period - Shot Blocked by Roman Josi.
18:57 of 1st period - Shot by Matthew Nieto.
18:57 of 1st period - Stopped by Semyon Varlamov without a rebound.
18:58 of 1st period - Michael Frolik wins face-off versus Logan Brown in SEATTLE GRUNGE zone.
18:58 of 1st period - Michael Frolik is hit by Kenny Agostino.
19:16 of 1st period - Shot by Zack Kassian.
19:16 of 1st period - Stopped by Semyon Varlamov without a rebound.
19:17 of 1st period - Michael Frolik wins face-off versus Nic Dowd in SEATTLE GRUNGE zone.
19:44 of 1st period - Josh Bailey is hit by Brenden Dillon and loses puck.
Goals for this period are 1 for NORTH DAKOTA HAWKS vs 2 for SEATTLE GRUNGE.
Shots for this period are 8 for NORTH DAKOTA HAWKS vs 9 for SEATTLE GRUNGE.

2nd period


0:01 of 2nd period - Nic Dowd wins face-off versus Michael Frolik in neutral zone.
0:23 of 2nd period - Shot by Nic Dowd.
0:23 of 2nd period - Shot Misses the Net.
0:25 of 2nd period - Shot by Brendan Gallagher.
0:25 of 2nd period - Stopped by Semyon Varlamov without a rebound.
0:26 of 2nd period - Logan Brown wins face-off versus Oskar Sundqvist in SEATTLE GRUNGE zone.
0:48 of 2nd period - Shot by Tyler Seguin.
0:48 of 2nd period - Shot Misses the Net.
1:10 of 2nd period - Minor Penalty to Tyler Seguin for Tripping.
1:11 of 2nd period - Michael Frolik wins face-off versus Nic Dowd in SEATTLE GRUNGE zone.
2:07 of 2nd period - Shot by Logan Brown.
2:07 of 2nd period - Shot Blocked by Roman Josi.
2:09 of 2nd period - Shot by Brenden Dillon.
2:09 of 2nd period - Stopped by Semyon Varlamov without a rebound.
2:10 of 2nd period - Oskar Sundqvist wins face-off versus Logan Brown in SEATTLE GRUNGE zone.
3:13 of 2nd period - Seth Jones is hit by Brenden Dillon and loses puck.
3:45 of 2nd period - Matthew Grzelcyk is hit by Brenden Dillon.
3:46 of 2nd period - Minor Penalty to Brenden Dillon for High sticking.
3:47 of 2nd period - Jeff Skinner wins face-off versus Brandon Sutter in NORTH DAKOTA HAWKS zone.
3:50 of 2nd period - Shot by Josh Bailey.
3:50 of 2nd period - Deflect By Tyler Seguin.
3:50 of 2nd period - Shot Blocked by Marc Staal.
3:52 of 2nd period - Shot by Rasmus Dahlin.
3:52 of 2nd period - Shot Misses the Net.
3:54 of 2nd period - Shot by Tyler Seguin.
3:54 of 2nd period - Stopped by Eric Comrie with a rebound.
3:56 of 2nd period - Shot by Tyler Seguin.
3:56 of 2nd period - Goal by Tyler Seguin - NORTH DAKOTA HAWKS : 1 - SEATTLE GRUNGE : 3.
3:57 of 2nd period - Logan Brown wins face-off versus J.T. Brown in neutral zone.
4:11 of 2nd period - Icing by Roman Josi.
4:12 of 2nd period - Oskar Sundqvist wins face-off versus Derek Grant in SEATTLE GRUNGE zone.
4:40 of 2nd period - Shot by Roman Josi.
4:40 of 2nd period - Shot Misses the Net.
4:42 of 2nd period - Shot by Travis Sanheim.
4:42 of 2nd period - Shot Misses the Net.
4:44 of 2nd period - Shot by Zemgus Girgensons.
4:44 of 2nd period - Stopped by Eric Comrie with a rebound.
4:46 of 2nd period - Shot by Roman Josi.
4:46 of 2nd period - Shot Blocked by Dougie Hamilton.
4:53 of 2nd period - Icing by Dougie Hamilton.
4:54 of 2nd period - Chris Tierney wins face-off versus Derek Grant in NORTH DAKOTA HAWKS zone.
5:58 of 2nd period - Shot by Brendan Gallagher.
5:58 of 2nd period - Stopped by Semyon Varlamov without a rebound.
5:59 of 2nd period - Josh Bailey wins face-off versus Logan Brown in SEATTLE GRUNGE zone.
6:03 of 2nd period - Roman Josi is hit by Logan Brown and loses puck.
6:23 of 2nd period - Tyler Seguin is hit by Josh Brown and loses puck.
6:29 of 2nd period - Kenny Agostino is hit by Travis Sanheim and loses puck.
6:55 of 2nd period - Minor Penalty to J.T. Brown for Tripping.
6:55 of 2nd period - Minor Penalty to Josh Brown for Hooking.
6:56 of 2nd period - Michael Frolik wins face-off versus Nic Dowd in NORTH DAKOTA HAWKS zone.
6:58 of 2nd period - Jeff Skinner is hit by Dougie Hamilton and loses puck.
7:50 of 2nd period - Shot by Josh Bailey.
7:50 of 2nd period - Stopped by Eric Comrie with a rebound.
7:56 of 2nd period - Shot by Chris Tierney.
7:56 of 2nd period - Stopped by Eric Comrie without a rebound.
7:57 of 2nd period - Michael Frolik wins face-off versus Logan Brown in NORTH DAKOTA HAWKS zone.
8:12 of 2nd period - Shot by Jeff Skinner.
8:12 of 2nd period - Stopped by Eric Comrie without a rebound.
8:13 of 2nd period - Logan Brown wins face-off versus Chris Tierney in NORTH DAKOTA HAWKS zone.
9:21 of 2nd period - Shot by Michael Raffl.
9:21 of 2nd period - Shot Misses the Net.
9:52 of 2nd period - Shot by Lukas Radil.
9:52 of 2nd period - Shot Blocked by Oskar Sundqvist.
9:54 of 2nd period - Shot by Marc Staal.
9:54 of 2nd period - Stopped by Semyon Varlamov without a rebound.
9:55 of 2nd period - Victor Rask wins face-off versus Nic Dowd in SEATTLE GRUNGE zone.
10:15 of 2nd period - Shot by Damon Severson.
10:15 of 2nd period - Shot Blocked by Marc Staal.
10:17 of 2nd period - Shot by Rasmus Dahlin.
10:17 of 2nd period - Shot Hit the Post.
10:34 of 2nd period - Icing by Matthew Nieto.
10:35 of 2nd period - Chris Tierney wins face-off versus Nic Dowd in NORTH DAKOTA HAWKS zone.
11:06 of 2nd period - Shot by Lukas Radil.
11:06 of 2nd period - Shot Misses the Net.
11:08 of 2nd period - Shot by Lukas Radil.
11:08 of 2nd period - Shot Blocked by Roman Josi.
11:34 of 2nd period - Shot by Seth Jones.
11:34 of 2nd period - Stopped by Eric Comrie without a rebound.
11:35 of 2nd period - Tyler Seguin wins face-off versus Logan Brown in NORTH DAKOTA HAWKS zone.
11:35 of 2nd period - Jeff Skinner is hit by Josh Brown and loses puck.
11:42 of 2nd period - Shot by Jeff Skinner.
11:42 of 2nd period - Stopped by Eric Comrie without a rebound.
11:43 of 2nd period - Logan Brown wins face-off versus Jeff Skinner in NORTH DAKOTA HAWKS zone.
11:48 of 2nd period - Damon Severson is hit by Logan Brown and loses puck.
11:57 of 2nd period - Shot by Tyler Seguin.
11:57 of 2nd period - Stopped by Eric Comrie with a rebound.
11:59 of 2nd period - Shot by Damon Severson.
11:59 of 2nd period - Stopped by Eric Comrie without a rebound.
12:00 of 2nd period - Oskar Sundqvist wins face-off versus Nic Dowd in NORTH DAKOTA HAWKS zone.
12:57 of 2nd period - Icing by Marc Staal.
12:58 of 2nd period - Chris Tierney wins face-off versus Brendan Gallagher in NORTH DAKOTA HAWKS zone.
13:05 of 2nd period - Shot by Michael Frolik.
13:05 of 2nd period - Stopped by Eric Comrie without a rebound.
13:06 of 2nd period - Jeff Skinner wins face-off versus Logan Brown in NORTH DAKOTA HAWKS zone.
13:06 of 2nd period - Jeff Skinner is hit by Johnny Boychuk.
13:13 of 2nd period - Icing by Kenny Agostino.
13:14 of 2nd period - Logan Brown wins face-off versus Chris Tierney in NORTH DAKOTA HAWKS zone.
13:29 of 2nd period - Shot by Michael Frolik.
13:29 of 2nd period - Shot Misses the Net.
13:34 of 2nd period - Chris Tierney is hit by Brenden Dillon and loses puck.
13:41 of 2nd period - Shot by Michael Frolik.
13:41 of 2nd period - Shot Misses the Net.
13:43 of 2nd period - Shot by Michael Frolik.
13:43 of 2nd period - Stopped by Eric Comrie with a rebound.
13:52 of 2nd period - Michael Frolik is hit by Brenden Dillon.
14:43 of 2nd period - Shot by Michael Raffl.
14:43 of 2nd period - Stopped by Semyon Varlamov without a rebound.
14:44 of 2nd period - Brandon Sutter wins face-off versus Oskar Sundqvist in SEATTLE GRUNGE zone.
15:24 of 2nd period - Zemgus Girgensons is hit by Dougie Hamilton and loses puck.
15:40 of 2nd period - Icing by Marc Staal.
15:41 of 2nd period - Tyler Seguin wins face-off versus Brandon Sutter in NORTH DAKOTA HAWKS zone.
15:44 of 2nd period - Shot by Tyler Seguin.
15:44 of 2nd period - Shot Blocked by Dougie Hamilton.
16:04 of 2nd period - Lukas Radil is hit by Josh Bailey and loses puck.
16:38 of 2nd period - Shot by Brendan Gallagher.
16:38 of 2nd period - Shot Misses the Net.
16:40 of 2nd period - Shot by Johnny Boychuk.
16:40 of 2nd period - Stopped by Semyon Varlamov without a rebound.
16:41 of 2nd period - Logan Brown wins face-off versus Chris Tierney in SEATTLE GRUNGE zone.
16:42 of 2nd period - Shot by Corey Perry.
16:42 of 2nd period - Shot Misses the Net.
17:48 of 2nd period - Shot by Oskar Sundqvist.
17:48 of 2nd period - Stopped by Eric Comrie with a rebound.
17:51 of 2nd period - Icing by Josh Brown.
17:52 of 2nd period - Logan Brown wins face-off versus Tyler Seguin in NORTH DAKOTA HAWKS zone.
18:08 of 2nd period - Tyler Seguin is hit by Brenden Dillon and loses puck.
18:25 of 2nd period - Jeff Skinner is hit by Nic Dowd and loses puck.
19:15 of 2nd period - Shot by Seth Jones.
19:15 of 2nd period - Shot Misses the Net.
19:20 of 2nd period - Icing by Johnny Boychuk.
19:21 of 2nd period - Chris Tierney wins face-off versus Nic Dowd in NORTH DAKOTA HAWKS zone.
19:23 of 2nd period - Michael Frolik is hit by Johnny Boychuk and loses puck.
19:36 of 2nd period - Shot by Michael Frolik.
19:36 of 2nd period - Stopped by Eric Comrie with a rebound.
19:38 of 2nd period - Shot by Vladimir Sobotka.
19:38 of 2nd period - Goal by Vladimir Sobotka - NORTH DAKOTA HAWKS : 1 - SEATTLE GRUNGE : 4.
19:39 of 2nd period - Derek Grant wins face-off versus Victor Rask in neutral zone.
19:59 of 2nd period - Derek Grant is hit by Roman Josi and loses puck.
Goals for this period are 0 for NORTH DAKOTA HAWKS vs 2 for SEATTLE GRUNGE.
Shots for this period are 6 for NORTH DAKOTA HAWKS vs 15 for SEATTLE GRUNGE.

3rd period


0:01 of 3rd period - Tyler Seguin wins face-off versus Nic Dowd in neutral zone.
0:08 of 3rd period - Shot by Tyler Seguin.
0:08 of 3rd period - Shot Blocked by Brendan Gallagher.
0:10 of 3rd period - Shot by Jeff Skinner.
0:10 of 3rd period - Shot Misses the Net.
0:22 of 3rd period - Shot by Jeff Skinner.
0:22 of 3rd period - Deflect By Tyler Seguin.
0:22 of 3rd period - Shot Misses the Net.
0:37 of 3rd period - Tyler Seguin is hit by Dougie Hamilton and loses puck.
0:40 of 3rd period - Shot by Tyler Seguin.
0:40 of 3rd period - Deflect By Jeff Skinner.
0:40 of 3rd period - Stopped by Eric Comrie with a rebound.
1:08 of 3rd period - Icing by Brenden Dillon.
1:09 of 3rd period - Derek Grant wins face-off versus Chris Tierney in NORTH DAKOTA HAWKS zone.
1:44 of 3rd period - Shot by Chris Tierney.
1:44 of 3rd period - Stopped by Eric Comrie without a rebound.
1:45 of 3rd period - Oskar Sundqvist wins face-off versus Logan Brown in NORTH DAKOTA HAWKS zone.
2:02 of 3rd period - Shot by Oskar Sundqvist.
2:02 of 3rd period - Shot Hit the Post.
2:04 of 3rd period - Shot by Zemgus Girgensons.
2:04 of 3rd period - Stopped by Eric Comrie with a rebound.
2:06 of 3rd period - Shot by J.T. Brown.
2:06 of 3rd period - Stopped by Eric Comrie without a rebound.
2:07 of 3rd period - Victor Rask wins face-off versus Brandon Sutter in NORTH DAKOTA HAWKS zone.
3:10 of 3rd period - Shot by Michael Frolik.
3:10 of 3rd period - Deflect By Chris Tierney.
3:10 of 3rd period - Stopped by Eric Comrie with a rebound.
3:12 of 3rd period - Shot by Michael Frolik.
3:12 of 3rd period - Stopped by Eric Comrie with a rebound.
3:14 of 3rd period - Shot by Chris Tierney.
3:14 of 3rd period - Stopped by Eric Comrie with a rebound.
3:16 of 3rd period - Shot by Chris Tierney.
3:16 of 3rd period - Stopped by Eric Comrie without a rebound.
3:17 of 3rd period - Josh Bailey wins face-off versus Logan Brown in NORTH DAKOTA HAWKS zone.
3:41 of 3rd period - Shot by Tyler Seguin.
3:41 of 3rd period - Stopped by Eric Comrie with a rebound.
3:43 of 3rd period - Shot by Jeff Skinner.
3:43 of 3rd period - Stopped by Eric Comrie without a rebound.
3:44 of 3rd period - Chris Tierney wins face-off versus Nic Dowd in NORTH DAKOTA HAWKS zone.
3:54 of 3rd period - Shot by Michael Frolik.
3:54 of 3rd period - Shot Blocked by Quinton Hughes.
5:31 of 3rd period - Derek Grant is hit by Damon Severson and loses puck.
9:22 of 3rd period - Shot by Lukas Radil.
9:22 of 3rd period - Shot Blocked by Seth Jones.
10:09 of 3rd period - Shot by Zack Kassian.
10:09 of 3rd period - Stopped by Semyon Varlamov without a rebound.
10:10 of 3rd period - Logan Brown wins face-off versus Chris Tierney in SEATTLE GRUNGE zone.
10:13 of 3rd period - Shot by Corey Perry.
10:13 of 3rd period - Stopped by Semyon Varlamov with a rebound.
10:28 of 3rd period - Off-side.
10:29 of 3rd period - Oskar Sundqvist wins face-off versus Derek Grant in neutral zone.
11:24 of 3rd period - Off-side.
11:25 of 3rd period - Brandon Sutter wins face-off versus Chris Tierney in neutral zone.
11:30 of 3rd period - Shot by Lukas Radil.
11:30 of 3rd period - Stopped by Semyon Varlamov with a rebound.
11:40 of 3rd period - Shot by Chris Tierney.
11:40 of 3rd period - Shot Misses the Net.
11:42 of 3rd period - Shot by Roman Josi.
11:42 of 3rd period - Stopped by Eric Comrie without a rebound.
11:43 of 3rd period - Victor Rask wins face-off versus Nic Dowd in NORTH DAKOTA HAWKS zone.
11:46 of 3rd period - Shot by Travis Sanheim.
11:46 of 3rd period - Stopped by Eric Comrie with a rebound.
11:55 of 3rd period - Minor Penalty to Roman Josi for Boarding.
11:56 of 3rd period - Logan Brown wins face-off versus Michael Frolik in SEATTLE GRUNGE zone.
12:15 of 3rd period - Shot by Zack Kassian.
12:15 of 3rd period - Goal by Zack Kassian - NORTH DAKOTA HAWKS : 2 - SEATTLE GRUNGE : 4.
12:16 of 3rd period - Josh Bailey wins face-off versus Matthew Nieto in neutral zone.
12:19 of 3rd period - Shot by Tyler Seguin.
12:19 of 3rd period - Shot Misses the Net.
12:24 of 3rd period - Off-side.
12:25 of 3rd period - Chris Tierney wins face-off versus Derek Grant in neutral zone.
12:42 of 3rd period - Zack Kassian is hit by Roman Josi and loses puck.
12:53 of 3rd period - Shot by Michael Frolik.
12:53 of 3rd period - Stopped by Eric Comrie without a rebound.
12:54 of 3rd period - Tyler Seguin wins face-off versus Logan Brown in NORTH DAKOTA HAWKS zone.
13:06 of 3rd period - Tyler Seguin is hit by Dougie Hamilton and loses puck.
13:22 of 3rd period - Jeff Skinner is hit by Marc Staal and loses puck.
13:49 of 3rd period - Minor Penalty to Tyler Seguin for Hooking.
13:50 of 3rd period - Nic Dowd wins face-off versus Michael Frolik in SEATTLE GRUNGE zone.
14:50 of 3rd period - Shot by Dougie Hamilton.
14:50 of 3rd period - Shot Misses the Net.
14:52 of 3rd period - Shot by Dougie Hamilton.
14:52 of 3rd period - Stopped by Semyon Varlamov without a rebound.
14:53 of 3rd period - Oskar Sundqvist wins face-off versus Nic Dowd in SEATTLE GRUNGE zone.
16:26 of 3rd period - Icing by Brandon Sutter.
16:27 of 3rd period - Brandon Sutter wins face-off versus Oskar Sundqvist in NORTH DAKOTA HAWKS zone.
16:50 of 3rd period - Minor Penalty to Zemgus Girgensons for Hooking.
16:50 of 3rd period - Minor Penalty to Brenden Dillon for High sticking.
16:51 of 3rd period - Michael Frolik wins face-off versus Nic Dowd in NORTH DAKOTA HAWKS zone.
16:57 of 3rd period - Icing by Marc Staal.
16:58 of 3rd period - Michael Frolik wins face-off versus Nic Dowd in NORTH DAKOTA HAWKS zone.
17:01 of 3rd period - Shot by Jeff Skinner.
17:01 of 3rd period - Stopped by Eric Comrie without a rebound.
17:02 of 3rd period - Michael Frolik wins face-off versus Nic Dowd in NORTH DAKOTA HAWKS zone.
17:03 of 3rd period - Shot by Jeff Skinner.
17:03 of 3rd period - Stopped by Eric Comrie without a rebound.
17:04 of 3rd period - Michael Frolik wins face-off versus Nic Dowd in NORTH DAKOTA HAWKS zone.
17:14 of 3rd period - Off-side.
17:15 of 3rd period - Michael Frolik wins face-off versus Brendan Gallagher in neutral zone.
17:22 of 3rd period - Shot by Jeff Skinner.
17:22 of 3rd period - Shot Misses the Net.
18:48 of 3rd period - Shot by Chris Tierney.
18:48 of 3rd period - Stopped by Eric Comrie with a rebound.
19:16 of 3rd period - Shot by Lukas Radil.
19:16 of 3rd period - Shot Hit the Post.
19:18 of 3rd period - Shot by Lukas Radil.
19:18 of 3rd period - Stopped by Semyon Varlamov with a rebound.
19:20 of 3rd period - Shot by Lukas Radil.
19:20 of 3rd period - Stopped by Semyon Varlamov without a rebound.
19:21 of 3rd period - Victor Rask wins face-off versus Derek Grant in SEATTLE GRUNGE zone.
19:56 of 3rd period - Shot by Victor Rask.
19:56 of 3rd period - Stopped by Eric Comrie with a rebound.
Goals for this period are 1 for NORTH DAKOTA HAWKS vs 0 for SEATTLE GRUNGE.
Shots for this period are 7 for NORTH DAKOTA HAWKS vs 17 for SEATTLE GRUNGE.


RYAN
NUGENT-HOPKINS
THATCHER
DEMKO
MITCHELL
MARNER

EAST COAST

HOCKEY LEAGUE

  • 13.MAN3PIT5
  • 14.NHW2ATL3
  • 15.PET5WOR4
  • 16.RHI30
  • 17.QUECHI
  • 18.CHALIM
  • 19.TRVLON
  • 20.CHWBAL